Map: Catalyst LE

Players

Bombs

  • Race: Terran Terran
  • Spawn Location: 11:00

A.I. 2 (Elite) - Winner!

  • Race: Terran Terran
  • Spawn Location: 5:00

VOD

Have the link to the VOD?

Description

Time

  • Played on: March 28, 2018, 11:50 a.m.
  • Length: 10:28
Show
View Real Time Build Order
Export as new Build Order

Bombs Terran 

Build Orders: Cyclone Opening, Reaper Expand, Bio Tank 

Get SALT Encoding   

  12  0:01  SCV  
  13  0:13  SCV  
  14  0:18  Supply Depot  
  14  0:25  SCV  
  15  0:29  Refinery  
  15  0:40  SCV  
  16  0:46  Barracks  
  16  0:52  SCV  
  18  1:04  SCV  
  18  1:16  SCV  
  19  1:33  Reaper, Orbital Command  
  20  1:45  Command Center  
  20  1:58  Factory  
  20  2:00  SCV  
  21  2:07  Barracks Reactor  
  21  2:10  Supply Depot  
  21  2:13  SCV  
  22  2:23  Refinery  
  22  2:25  SCV  
  23  2:38  SCV  
  23  2:44  Cyclone, Marine x2  
  27  2:50  SCV  
  30  2:58  Orbital Command  
  30  3:02  SCV  
  30  3:03  Marine x2  
  33  3:08  Starport  
  33  3:14  SCV  
  34  3:21  Marine x2  
  34  3:25  Cyclone, SCV  
  40  3:30  Supply Depot  
  40  3:34  SCV  
  41  3:37  SCV  
  42  3:46  SCV  
  43  3:49  SCV  
  43  3:50  Viking  
  43  3:52  Supply Depot  
  46  3:55  Marine  
  46  3:56  Marine  
  46  3:58  SCV  
  46  4:01  SCV  
  50  4:02  Factory Tech Lab  
  50  4:10  SCV  
  50  4:14  Marine x2, Supply Depot  
  53  4:23  SCV  
  54  4:25  Siege Tank  
  54  4:29  SCV  
  58  4:35  SCV  
  59  4:38  Barracks, Refinery  
  59  4:39  Refinery  
  59  4:40  Supply Depot  
  59  4:41  Barracks, Marine x2, SCV  
  59  4:42  Starport Reactor  
  62  4:45  Engineering Bay  
  62  4:47  SCV  
  63  4:54  SCV  
  65  5:00  SCV  
  65  5:03  Siege Tank  
  65  5:06  Supply Depot, SCV  
  69  5:11  Marine x2  
  69  5:12  SCV  
  72  5:15  Terran Infantry Weapons Level 1  
  72  5:18  SCV  
  72  5:20  Medivac x2  
  77  5:24  SCV  
  77  5:27  Barracks Tech Lab  
  77  5:28  Barracks Tech Lab  
  78  5:29  Supply Depot  
  78  5:30  SCV  
  79  5:36  SCV  
  80  5:48  Combat Shields  
  80  5:49  Stimpack  
  80  5:52  SCV  
  80  5:54  Marine x2, Supply Depot  
  83  5:57  Siege Tank  
  83  5:58  Command Center  
  83  6:01  SCV  
  87  6:06  SCV  
  87  6:10  Barracks  
  88  6:11  Barracks  
  88  6:15  Medivac x2  
  88  6:17  SCV  
  93  6:19  SCV  
  93  6:22  Marine x2  
  96  6:29  SCV  
  96  6:30  Supply Depot  
  96  6:31  Supply Depot  
  96  6:32  SCV  
  98  6:36  Siege Tank  
  101  6:40  Marine  
  102  6:51  Medivac x2, Marine x2, SCV x2  
  102  6:52  Marine  
  102  6:53  Supply Depot x2  
  111  6:58  Marine  
  111  6:59  Barracks Reactor  
  111  7:00  Barracks Reactor  
  112  7:03  SCV x2  
  114  7:10  Marine  
  114  7:11  Orbital Command  
  114  7:13  Marine x2  
  117  7:15  SCV  
  117  7:16  Siege Tank, Marine  
  117  7:19  Supply Depot x2  
  122  7:28  Marine  
  122  7:29  Medivac x2  
  127  7:31  Marine x2  
  127  7:34  Marine  
  130  7:37  SCV x3  
  130  7:40  Terran Infantry Armor Level 1  
  133  7:45  Marine  
  133  7:47  Refinery  
  133  7:48  Refinery, Marine, Supply Depot  
  133  7:49  Factory, Marine  
  133  7:50  Supply Depot  
  136  7:51  Siege Tank  
  136  7:54  Marine  
  136  7:55  Marine x3  
  136  7:56  SCV  
  136  7:58  SCV x2  
  146  8:03  Medivac  
  148  8:08  SCV  
  148  8:10  SCV x2  
  151  8:15  Marine  
  151  8:16  Marine x4, Supply Depot  
  151  8:17  Supply Depot  
  151  8:18  Marine  
  157  8:20  SCV  
  158  8:35  Marine x2  
  158  8:36  Medivac, Marine x5  
  158  8:37  Medivac  
  158  8:39  Supply Depot  
  169  8:43  Supply Depot  
  158  9:19  Medivac x2  
  158  9:20  Siege Tank  
  158  9:22  Factory Tech Lab  
  165  9:25  Marine  
  165  9:26  Marine x7  
  173  9:42  Command Center  
  173  9:43  Marine x4  
  177  9:50  Medivac x2  
  177  9:51  Siege Tank, Marine x4  
  177  9:52  Siege Tank  
  191  9:54  Engineering Bay  
  191  9:55  Armory  
  191  10:01  Marine x4  
  195  10:09  Marine  
Show
View Real Time Build Order
Export as new Build Order

A.I. 2 (Elite) Terran - Winner!

Build Orders: MMM Bio 

Get SALT Encoding   

  12  0:00  SCV  
  13  0:13  SCV  
  14  0:18  Supply Depot  
  14  0:25  SCV  
  15  0:40  SCV  
  16  0:43  Barracks  
  16  0:52  SCV  
  17  1:04  SCV  
  18  1:16  SCV  
  19  1:20  Command Center  
  19  1:32  Marine  
  19  1:33  Orbital Command  
  20  1:45  Supply Depot  
  20  1:50  Marine  
  20  1:51  Refinery  
  21  1:58  SCV  
  22  2:08  Marine  
  22  2:10  Barracks, SCV  
  24  2:16  Refinery  
  24  2:23  SCV  
  24  2:26  Marine  
  24  2:29  Supply Depot  
  26  2:35  SCV  
  27  2:42  Orbital Command  
  27  2:44  Marine  
  27  2:47  SCV  
  29  2:59  Factory, SCV  
  29  3:02  Marine  
  29  3:04  Marine  
  32  3:08  SCV  
  32  3:12  SCV  
  34  3:20  SCV, Marine  
  34  3:22  Marine  
  34  3:24  SCV  
  34  3:26  Barracks  
  38  3:32  SCV  
  39  3:36  SCV  
  39  3:38  Barracks Tech Lab  
  39  3:40  Barracks Tech Lab  
  40  3:42  Factory Tech Lab  
  40  3:45  Starport  
  40  3:46  SCV  
  40  3:48  SCV  
  42  3:56  Marine  
  42  3:57  Stimpack  
  42  3:58  SCV, Marine  
  42  4:00  SCV  
  42  4:01  Combat Shields  
  46  4:04  Supply Depot  
  46  4:12  SCV  
  46  4:13  SCV  
  46  4:15  Marine  
  49  4:17  Marine  
  49  4:18  Marine  
  51  4:24  SCV  
  51  4:25  SCV  
  51  4:27  Supply Depot  
  51  4:28  Medivac  
  55  4:36  SCV  
  55  4:38  SCV  
  57  4:40  Supply Depot, Marine  
  57  4:41  Marine  
  57  4:44  Siege Tank  
  62  4:48  Marine  
  62  4:49  SCV  
  62  4:50  SCV  
  62  4:51  Supply Depot  
  65  4:56  Engineering Bay  
  65  5:00  Engineering Bay  
  65  5:01  Marauder, SCV  
  65  5:03  Refinery  
  65  5:06  SCV  
  71  5:07  Marauder  
  71  5:12  Refinery  
  71  5:14  SCV  
  72  5:18  SCV  
  73  5:23  Marauder  
  73  5:26  SCV  
  78  5:28  Marauder  
  78  5:30  SCV  
  78  5:31  Supply Depot  
  79  5:37  Terran Infantry Weapons Level 1  
  79  5:38  SCV  
  79  5:40  Terran Infantry Armor Level 1  
  80  5:43  SCV, Missile Turret  
  80  5:44  Marauder, Barracks Reactor  
  80  5:48  Command Center  
  80  5:49  Marauder  
  85  5:50  SCV  
  85  5:56  Supply Depot, SCV  
  87  6:03  Siege Tank  
  90  6:06  Marauder  
  90  6:11  Marauder  
  94  6:12  Concussive Shells  
  94  6:18  Missile Turret  
  94  6:20  Barracks, Supply Depot  
  94  6:26  Starport Reactor  
  94  6:27  Marauder  
  94  6:32  Marauder  
  98  6:35  Siege Tank  
  101  6:42  Missile Turret  
  101  6:44  Supply Depot  
  101  6:51  Marauder  
  101  6:54  Marauder  
  105  7:01  SCV x3  
  107  7:02  Medivac, Refinery  
  107  7:05  Missile Turret  
  107  7:07  Widow Mine  
  112  7:13  SCV x2  
  112  7:14  SCV  
  115  7:18  Missile Turret  
  115  7:20  Missile Turret  
  115  7:22  Refinery  
  115  7:25  SCV, Supply Depot  
  115  7:26  SCV x2  
  115  7:28  Siege Tank  
  121  7:37  SCV  
  121  7:38  SCV, Orbital Command  
  121  7:41  Missile Turret  
  123  7:48  Armory  
  123  7:49  SCV  
  123  7:50  Supply Depot, SCV  
  125  7:58  Medivac  
  127  8:01  Widow Mine, SCV  
  127  8:02  SCV  
  127  8:04  SCV  
  132  8:08  Factory, Command Center  
  132  8:13  SCV  
  132  8:14  Supply Depot  
  133  8:21  Hi-Sec Auto Tracking  
  133  8:22  Widow Mine, Starport  
  135  8:30  Armory  
  135  8:38  Supply Depot  
  135  8:44  Widow Mine, Medivac  
  139  8:50  Marine  
  139  8:51  Marine  
  139  8:52  Factory Tech Lab, Marine  
  139  8:53  Marine  
  139  8:54  Marine  
  144  8:59  Starport Tech Lab  
  144  9:02  Supply Depot  
  144  9:04  SCV, Viking  
  144  9:05  Cyclone  
  144  9:08  Marine  
  144  9:09  Barracks, Marine  
  141  9:10  Marine  
  141  9:11  Siege Tank  
  141  9:12  Marauder, Marine  
  141  9:14  Viking  
  105  9:19  Raven  
  107  9:25  Marine  
  107  9:27  Marine x2  
  107  9:30  Marine  
  111  9:33  Marauder  
  111  9:37  Siege Tank  
  116  9:41  Refinery  
  116  9:43  Siege Tank, Marine  
  116  9:44  Marine  
  116  9:45  Marine  
  121  9:48  Marine  
  121  9:51  Refinery  
  123  9:54  Marine, Viking  
  123  9:56  Marine  
  129  10:01  Marine  
  129  10:03  Marine  
  130  10:07  Marine x2  
  130  10:08  SCV x3  
Tags
 
Add a new tag
Caveats
  • Supply blocks, unpowered buildings, or Contaminate may cause inaccurate times.
  • Supply counts are checked every 10 seconds.